PAAA
ATHLETIC CLUB KC RESERVES @ TORTOLITA DRUMMERS
07/18/2023
 
TOP OF THE 1ST
Athletic Club KC Reserves batting - Pitching for Tortolita Drummers : RHP Artie Chávez
Pitching: RHP Artie Chávez
Batting: LHB Michael Landry 0-0: Called Strike
0-1: Ball
1-1: Ground out 4-3 (Groundball, 34)
Batting: RHB Bill Dennis 0-0: Ball
1-0: Ball
2-0: SOLO HOME RUN (Flyball, 7D), Distance : 349 ft
Batting: LHB Matt Hartnett 0-0: Fly out, F9 (Flyball, 89M)
Batting: RHB Robert Hill 0-0: Fly out, F8 (Line Drive, 8LD)
Top of the 1st over - 1 run(s), 1 hit(s), 0 error(s), 0 left on base; Athletic Club KC 1 - Tortolita 0
BOTTOM OF THE 1ST
Tortolita Drummers batting - Pitching for Athletic Club KC Reserves : LHP António Uribe
Pitching: LHP António Uribe
Batting: SHB Will Brock 0-0: Ball
1-0: Ball
2-0: Ball
3-0: Called Strike
3-1: Base on Balls
Batting: RHB Harrison Blackford 0-0: Fly out, F9 (Flyball, 89M)
Batting: LHB Evan Nelson 0-0: Called Strike
Will Brock steals 2nd base
0-1: Ball
1-1: Ball
2-1: Ball
3-1: Ground out 6-3 (Groundball, 6S)
Will Brock to third
Batting: LHB Keith Spear 0-0: Called Strike
0-1: Foul Ball, location: 2F
0-2: Ball
1-2: SINGLE (Groundball, 34)
Will Brock scores
Batting: SHB Dan Godwin 0-0: Ball
1-0: Ball
2-0: Called Strike
2-1: Ball
3-1: Ground out 5-3 (Groundball, 56)
Bottom of the 1st over - 1 run(s), 1 hit(s), 0 error(s), 1 left on base; Athletic Club KC 1 - Tortolita 1
TOP OF THE 2ND
Athletic Club KC Reserves batting - Pitching for Tortolita Drummers : RHP Artie Chávez
Batting: RHB Glenn Woods 0-0: Ball
1-0: Ball
2-0: Ball
3-0: Called Strike
3-1: Fly out, F8 (Flyball, 8LM)
Batting: RHB Máximo Padilla 0-0: Called Strike
0-1: Hit by Pitch
Batting: SHB Don Holmes 0-0: Called Strike
0-1: Ball
1-1: Ball
2-1: SINGLE (Flyball, 8RS)
Máximo Padilla to second
Batting: RHB Javier Díaz 0-0: Ball
1-0: Swinging Strike
1-1: Reached on error, E6 (Groundball, 6)
Máximo Padilla to third
Don Holmes to second
Batting: LHB Eduardo López 0-0: Swinging Strike
0-1: Ball
1-1: Foul Ball, location: 2F
1-2: Foul Ball, location: 2F
1-2: Fly out, F8 (Line Drive, 8LS)
Batting: LHB Michael Landry 0-0: Fielders Choice at 2nd, U4 (Groundball, 4M)
Top of the 2nd over - 0 run(s), 1 hit(s), 1 error(s), 3 left on base; Athletic Club KC 1 - Tortolita 1
BOTTOM OF THE 2ND
Tortolita Drummers batting - Pitching for Athletic Club KC Reserves : LHP António Uribe
Batting: RHB Jim Harris 0-0: Called Strike
0-1: Foul Ball, location: 2F
0-2: Ball
1-2: Strikes out swinging
Batting: LHB Raúl Andrade 0-0: Ball
1-0: Called Strike
1-1: Foul Ball, location: 2F
1-2: Ball
2-2: Foul Ball, location: 2F
2-2: Ball
3-2: Strikes out swinging
Batting: RHB Wayne Bannatyne 0-0: Foul Ball, location: 2F
0-1: Ball
1-1: Fly out, F3 (Popup, 3SF)
Bottom of the 2nd over - 0 run(s), 0 hit(s), 0 error(s), 0 left on base; Athletic Club KC 1 - Tortolita 1
TOP OF THE 3RD
Athletic Club KC Reserves batting - Pitching for Tortolita Drummers : RHP Artie Chávez
Batting: RHB Bill Dennis 0-0: Ball
1-0: Ground out 6-3 (Groundball, 6)
Batting: LHB Matt Hartnett 0-0: Swinging Strike
0-1: Ball
1-1: SINGLE (Flyball, 6MD)
Batting: RHB Robert Hill 0-0: Swinging Strike
0-1: Foul Ball, location: 2F
0-2: Fly out, F7 (Line Drive, 7M)
Batting: RHB Glenn Woods 0-0: Ball
1-0: Ball
2-0: Ball
3-0: Base on Balls
Matt Hartnett to second
Batting: RHB Máximo Padilla 0-0: Called Strike
0-1: Foul Ball, location: 2F
0-2: Ball
1-2: Ground out 1-3 (Groundball, 15S)
Top of the 3rd over - 0 run(s), 1 hit(s), 0 error(s), 2 left on base; Athletic Club KC 1 - Tortolita 1
BOTTOM OF THE 3RD
Tortolita Drummers batting - Pitching for Athletic Club KC Reserves : LHP António Uribe
Pitching: RHP Jesús Hernández
Batting: RHB Dan Lewis 0-0: Called Strike
0-1: Swinging Strike
0-2: Strikes out swinging
Batting: SHB Will Brock 0-0: Called Strike
0-1: Ball
1-1: Swinging Strike
1-2: Ball
2-2: Strikes out swinging
Batting: RHB Harrison Blackford 0-0: Fly out, F7 (Flyball, 7LM)
Bottom of the 3rd over - 0 run(s), 0 hit(s), 0 error(s), 0 left on base; Athletic Club KC 1 - Tortolita 1
TOP OF THE 4TH
Athletic Club KC Reserves batting - Pitching for Tortolita Drummers : RHP Artie Chávez
Batting: SHB Don Holmes 0-0: Ball
1-0: Foul Ball, location: 2F
1-1: Swinging Strike
1-2: Foul Ball, location: 2F
1-2: Fly out, F6 (Popup, 6)
Batting: RHB Javier Díaz 0-0: Hit by Pitch
Batting: LHB Eduardo López 0-0: Ball
Javier Díaz steals 2nd base
1-0: Fly out, F8 (Flyball, 78S)
Batting: LHB Michael Landry 0-0: Foul Ball, location: 2F
0-1: Foul Ball, location: 2F
0-2: Foul Ball, location: 2F
0-2: Fly out, F4 (Popup, 4M)
Top of the 4th over - 0 run(s), 0 hit(s), 0 error(s), 1 left on base; Athletic Club KC 1 - Tortolita 1
BOTTOM OF THE 4TH
Tortolita Drummers batting - Pitching for Athletic Club KC Reserves : RHP Jesús Hernández
Batting: LHB Evan Nelson 0-0: Called Strike
0-1: Foul Ball, location: 2F
0-2: DOUBLE (Flyball, 78M)
Batting: LHB Keith Spear 0-0: Fly out, F7 (Flyball, 78XD)
Runner from 2nd tags up, SAFE at 3rd, no throw
Batting: SHB Dan Godwin 0-0: SINGLE (Flyball, 89S)
Evan Nelson scores
Batting: RHB Jim Harris 0-0: Foul Ball, location: 2F
0-1: Ball
1-1: Ball
2-1: Foul Ball, location: 2F
2-2: Ground out 4-3 (Groundball, 4MS)
Dan Godwin to second
Batting: LHB Raúl Andrade 0-0: Called Strike
0-1: Foul Ball, location: 2F
0-2: Ball
1-2: Strikes out swinging
Bottom of the 4th over - 1 run(s), 2 hit(s), 0 error(s), 1 left on base; Athletic Club KC 1 - Tortolita 2
TOP OF THE 5TH
Athletic Club KC Reserves batting - Pitching for Tortolita Drummers : RHP Artie Chávez
Batting: RHB Bill Dennis 0-0: Foul Ball, location: 2F
0-1: Called Strike
0-2: Foul Ball, location: 2F
0-2: Ball
1-2: Ball
2-2: Strikes out looking
Batting: LHB Matt Hartnett 0-0: Ball
1-0: Ball
2-0: Called Strike
2-1: Ground out 4-3 (Groundball, 4MS)
Batting: RHB Robert Hill 0-0: Ball
1-0: Swinging Strike
1-1: SINGLE (Groundball, 4)
Batting: RHB Glenn Woods 0-0: Ball
1-0: Ball
2-0: SINGLE (Groundball, 4M)
Robert Hill to second
Batting: RHB Máximo Padilla 0-0: Called Strike
0-1: Called Strike
0-2: Strikes out swinging
Top of the 5th over - 0 run(s), 2 hit(s), 0 error(s), 2 left on base; Athletic Club KC 1 - Tortolita 2
BOTTOM OF THE 5TH
Tortolita Drummers batting - Pitching for Athletic Club KC Reserves : RHP Jesús Hernández
Batting: RHB Wayne Bannatyne 0-0: Ball
1-0: Foul Ball, location: 2F
1-1: Called Strike
1-2: Strikes out looking
Batting: RHB Dan Lewis 0-0: Ball
1-0: Ground out 6-3 (Groundball, 6)
Batting: SHB Will Brock 0-0: SOLO HOME RUN (Flyball, 9D), Distance : 369 ft
Batting: RHB Harrison Blackford 0-0: Ball
1-0: Foul Ball, location: 2F
1-1: Ground out 6-3 (Groundball, 6M)
Bottom of the 5th over - 1 run(s), 1 hit(s), 0 error(s), 0 left on base; Athletic Club KC 1 - Tortolita 3
TOP OF THE 6TH
Athletic Club KC Reserves batting - Pitching for Tortolita Drummers : RHP Artie Chávez
Batting: SHB Don Holmes 0-0: Called Strike
0-1: Ball
1-1: Bunt for hit - play at first, batter OUT! 1-3
Batting: RHB Javier Díaz 0-0: Ball
1-0: Ball
2-0: Foul Ball, location: 2F
2-1: Fly out, F8 (Flyball, 8RM)
Batting: LHB Eduardo López 0-0: Fly out, F6 (Line Drive, 6)
Top of the 6th over - 0 run(s), 0 hit(s), 0 error(s), 0 left on base; Athletic Club KC 1 - Tortolita 3
BOTTOM OF THE 6TH
Tortolita Drummers batting - Pitching for Athletic Club KC Reserves : RHP Jesús Hernández
Batting: LHB Evan Nelson 0-0: Called Strike
0-1: Called Strike
0-2: SINGLE (Line Drive, 9LS)
Batting: LHB Keith Spear 0-0: Ball
1-0: Fielders Choice at 2nd, 4-6 (Groundball, 34)
Batting: SHB Dan Godwin 0-0: Ball
1-0: SINGLE (Groundball, 34S)
Keith Spear to second
Runner from 2nd tries for 3rd, SAFE, throw made to third
Pitching: RHP Jeremy Gutiérrez
Batting: RHB Jim Harris 0-0: Called Strike
0-1: Grounds into double play, 4-6-3 (Groundball, 4)
Bottom of the 6th over - 0 run(s), 2 hit(s), 0 error(s), 1 left on base; Athletic Club KC 1 - Tortolita 3
TOP OF THE 7TH
Athletic Club KC Reserves batting - Pitching for Tortolita Drummers : RHP Artie Chávez
Batting: LHB Michael Landry 0-0: Foul Ball, location: 2F
0-1: Swinging Strike
0-2: Ball
1-2: Foul Ball, location: 2F
1-2: Foul Ball, location: 2F
1-2: Ball
2-2: Strikes out swinging
Batting: RHB Bill Dennis 0-0: Ball
1-0: Ball
2-0: Ground out 6-3 (Groundball, 6)
Batting: LHB Matt Hartnett 0-0: Called Strike
0-1: Ball
1-1: Ball
2-1: Swinging Strike
2-2: Strikes out swinging
Top of the 7th over - 0 run(s), 0 hit(s), 0 error(s), 0 left on base; Athletic Club KC 1 - Tortolita 3
BOTTOM OF THE 7TH
Tortolita Drummers batting - Pitching for Athletic Club KC Reserves : RHP Jeremy Gutiérrez
Batting: LHB Raúl Andrade 0-0: Ball
1-0: Ball
2-0: Ball
3-0: Called Strike
3-1: Base on Balls
Batting: RHB Wayne Bannatyne 0-0: Sac Bunt - play at first, batter OUT! 5-3
Raúl Andrade to second
Batting: RHB Dan Lewis 0-0: Foul Ball, location: 2F
0-1: Called Strike
0-2: Reached on error, E5 (Groundball, 5)
Raúl Andrade to third
Batting: SHB Will Brock 0-0: Called Strike
0-1: Fielders Choice at 2nd, 5-4 (Groundball, 56)
Raúl Andrade scores
Batting: RHB Harrison Blackford 0-0: Swinging Strike
Will Brock steals 2nd base
0-1: Fly out, F4 (Line Drive, 4)
Bottom of the 7th over - 1 run(s), 0 hit(s), 1 error(s), 1 left on base; Athletic Club KC 1 - Tortolita 4
TOP OF THE 8TH
Athletic Club KC Reserves batting - Pitching for Tortolita Drummers : RHP Artie Chávez
Batting: RHB Robert Hill 0-0: Foul Ball, location: 2F
0-1: Foul Ball, location: 2F
0-2: Foul Ball, location: 2F
0-2: Strikes out swinging
Batting: RHB Glenn Woods 0-0: Called Strike
0-1: Ball
1-1: Ground out 1-3 (Groundball, 23)
Batting: RHB Máximo Padilla 0-0: Called Strike
0-1: Ball
1-1: Swinging Strike
1-2: Ground out 5-3 (Groundball, 56)
Top of the 8th over - 0 run(s), 0 hit(s), 0 error(s), 0 left on base; Athletic Club KC 1 - Tortolita 4
BOTTOM OF THE 8TH
Tortolita Drummers batting - Pitching for Athletic Club KC Reserves : RHP Jeremy Gutiérrez
Batting: LHB Evan Nelson 0-0: Ball
1-0: Foul Ball, location: 2F
1-1: Fly out, F8 (Flyball, 8RM)
Batting: LHB Keith Spear 0-0: Ball
1-0: Swinging Strike
1-1: Fly out, F7 (Flyball, 7M)
Batting: SHB Dan Godwin 0-0: Foul Ball, location: 2F
0-1: Ball
1-1: Ball
2-1: Ball
3-1: Ground out 6-3 (Groundball, 6M)
Bottom of the 8th over - 0 run(s), 0 hit(s), 0 error(s), 0 left on base; Athletic Club KC 1 - Tortolita 4
TOP OF THE 9TH
Athletic Club KC Reserves batting - Pitching for Tortolita Drummers : RHP Artie Chávez
Pitching: LHP Jason Horne
Batting: SHB Don Holmes 0-0: Bunted foul
0-1: Ball
1-1: Ball
2-1: SINGLE (Flyball, 8LS)
Batting: RHB Javier Díaz 0-0: Fly out, F4 (Line Drive, 4)
0-0: Fly out, F4 (Line Drive, 4)
Batting: LHB Eduardo López 0-0: DOUBLE (Flyball, 9D)
Don Holmes to third
Pinch Hitting: RHB José Rodríguez 0-0: Ball
1-0: Ball
2-0: Ball
3-0: Called Strike
3-1: Base on Balls
Batting: RHB Bill Dennis 0-0: Called Strike
0-1: Swinging Strike
0-2: Ball
1-2: Ball
2-2: Fielders Choice at 2nd, 5-4 (Groundball, 56)
Don Holmes scores
Eduardo López to third
Pinch Hitting: RHB John Williams 0-0: Called Strike
0-1: Called Strike
0-2: Ball
1-2: Strikes out swinging
Top of the 9th over - 1 run(s), 2 hit(s), 0 error(s), 2 left on base; Athletic Club KC 2 - Tortolita 4
This league is powered by Out of the Park Baseball, the baseball management simulation game for PC, Mac and Linux
Friday, July 8th, 2016 - OOTP Baseball 16.9 Build 39